 Dungeon Crawl Stone Soup version 0.32-a0-900-g30fb1b0 (webtiles) character file.

Game seed: 2085827778611579154

445228 tls9540 the Skinwalker (level 22, -1/213 HPs)
             Began as a White Draconian Shapeshifter on Apr 4, 2024.
             Was the Champion of Jiyva.
             Slain by a cyan very ugly thing (22 damage)
             ... on level 2 of the Depths on Apr 5, 2024.
             The game lasted 01:32:22 (36345 turns).

tls9540 the Skinwalker (DrSh)                      Turns: 36345, Time: 01:32:23

Health: -1/213     AC: 25    Str: 22    XL:     22   Next: 41%
Magic:  22/22      EV: 30    Int: 12    God:    Jiyva [******]
Gold:   2418       SH: 14    Dex: 31    Spells: 15/21 levels left

rFire   + .          .
                       - Unarmed
rCold   + + +        c - +0 kite shield {rC+}
rNeg    + + +        (body armour unavailable)
rPois   ∞            F - +2 hat
rElec   .            e - +1 cloak of the Special Nightcaps {Dex+3}
rCorr   +            V - +2 pair of gloves {Dex+3}
SInv    .            S - +3 pair of seven-league boots {Rampage+∞}
Will    ++++.        b - amulet of regeneration
Stlth   ++++++       I - ring "Xokexi" {Str+4 Slay+4}
HPRegen 2.95/turn    Z - ring of Reseb {Will++ rCorr Stlth+}
MPRegen 0.98/turn

%: rampage+∞
@: death-form
A: vile attack, torment immunity, no potions, (glacial breath), AC +11,
unfitting armour, cold resistance 1, cold-blooded, claws 1, hooves 1, agile 2,
clever 1, fire resistance 1, wild magic 1, gelatinous body 3, pseudopods 1,
translucent skin 2, jelly sensing items, jelly absorbing missiles
}: 3/15 runes: decaying, slimy, gossamer
a: Siphon Essence, Begin Untransformation, Renounce Religion, Oozemancy, Slimify


You were on level 2 of the Depths.
You worshipped Jiyva.
Jiyva was exalted by your worship.
You were an undying horror.
You visited 9 branches of the dungeon, and saw 44 of its levels.
You also visited: Sewer, Bailey, Gauntlet and Wizlab.

You collected 4896 gold pieces.
You spent 2478 gold pieces at shops.

Inventory:

Missiles
 g - a throwing net
 x - 6 curare-tipped darts (quivered)
Armour
 c - a +0 kite shield of cold resistance (worn)
 e - the +1 cloak of the Special Nightcaps (worn) {Dex+3}
   (You bought it in a shop on level 1 of the Orcish Mines)

   Dex+3:     It affects your dexterity (+3).
 F - a +2 hat (worn)
 N - a +2 helmet of see invisible
 S - the +3 pair of seven-league boots (worn) {Rampage+∞}
   (You acquired it on level 2 of the Vaults)

   Rampage+∞: When moving toward enemies, its wearer moves as far as possible,
   alerting their target en route.
 U - a +0 kite shield of reflection
 V - a +2 pair of gloves of dexterity (worn)
Jewellery
 b - an amulet of regeneration (around neck)
 f - a ring of protection from fire
 t - a ring of see invisible
 I - the ring "Xokexi" (left hand) {Str+4 Slay+4}
   (You found it in a Gauntlet)

   [ring of slaying]

   Str+4:     It affects your strength (+4).
   Slay+4:    It affects your accuracy & damage with ranged weapons and melee
   (+4).
 J - the ring "Tuom" {rF+ rN+}
   (You found it in a Gauntlet)

   [ring of protection from fire]

   rF+:       It protects you from fire.
   rN+:       It protects you from negative energy.
 O - a ring of willpower
 R - a ring of protection from cold
 T - a +6 ring of intelligence
 Z - the ring of Reseb (right hand) {Will++ rCorr Stlth+}
   (You bought it in a shop on level 9 of the Dungeon)

   [ring of resist corrosion]

   Will++:    It greatly increases your willpower.
   rCorr:     It protects you from acid and corrosion.
   Stlth+:    It makes you more stealthy.
Talismans
 y - a talisman of death (active)
 P - the maw talisman "Cacozeb" {Will+ Int+2}
   (You found it on level 5 of the Lair of Beasts)

   [maw talisman]

   Int+2:     It affects your intelligence (+2).
   Will+:     It increases your willpower.
Wands
 d - a wand of flame (64)
 k - a wand of acid (31)
 v - a wand of mindburst (22)
 B - a wand of digging (13)
 W - a wand of warping (15)
Scrolls
 a - 3 scrolls of enchant weapon
 l - 5 scrolls of revelation
 m - a scroll of fear
 n - 2 scrolls of amnesia
 z - 7 scrolls of fog
 A - 7 scrolls of teleportation
 E - 2 scrolls of butterflies
 Y - 5 scrolls of enchant armour
Potions
 h - 8 potions of brilliance
 i - 3 potions of heal wounds
 j - 4 potions of might
 o - 2 potions of berserk rage
 p - 5 potions of resistance
 r - 2 potions of invisibility
 s - a potion of magic
 u - a potion of cancellation
 w - a potion of enlightenment
 D - 3 potions of haste
 G - 9 potions of curing
 H - 3 potions of attraction
 M - 3 potions of ambrosia
 Q - 3 potions of mutation
Miscellaneous
 q - a phantom mirror
 C - a Gell's gravitambourine (2/2)
 K - a lightning rod (4/4)
 L - a sack of spiders
 X - a tin of tremorstones (2/2)


   Skills:
 - Level 21.0 Fighting
 + Level 14.2 Dodging
 - Level 4.2 Stealth
 - Level 9.0 Shields
 * Level 20.8 Unarmed Combat
 - Level 8.0 Translocations
 - Level 7.2 Evocations
 - Level 23.0 Shapeshifting


You had 15 spell levels left.
You knew the following spells:

 Your Spells              Type           Power      Damage    Failure   Level
a - Lesser Beckoning      Tloc           48%        N/A       6%          2
b - Vhi's Electric Charg  Tloc/Air       24%        N/A       82%         4

Your spell library contained the following spells:

 Spells                   Type           Power      Damage    Failure   Level
 Blink                    Tloc           48%        N/A       6%          2
 Momentum Strike          Conj/Tloc      24%        3d8       26%         2
 Necrotise                Necr           0%         1d4       61%         1
 Slow                     Hex            0%         N/A       61%         1
 Sting                    Conj/Alch      0%         1d3       61%         1
 Call Imp                 Summ           0%         N/A       75%         2
 Ensorcelled Hibernation  Hex/Ice        0%         N/A       75%         2
 Mercury Vapours          Alch/Air       0%         N/A       75%         2
 Sublimation of Blood     Necr           0%         N/A       75%         2
 Dimensional Bullseye     Hex/Tloc       6%         N/A       82%         4
 Confusing Touch          Hex            0%         N/A       92%         3
 Dazzling Flash           Conj/Hex       0%         N/A       92%         3
 Hailstorm                Conj/Ice       0%         3d5       92%         3
 Mephitic Cloud           Conj/Alch/Air  0%         N/A       92%         3
 Sigil of Binding         Hex            0%         N/A       92%         3
 Stone Arrow              Conj/Erth      0%         3d7       92%         3
 Summon Ice Beast         Ice/Summ       0%         N/A       92%         3
 Swiftness                Air            0%         N/A       92%         3
 Vampiric Draining        Necr           0%         2d6       92%         3
 Summon Forest            Summ/Tloc      6%         N/A       98%         5
 Fulminant Prism          Conj/Alch      0%         3d5       100%        4
 Ignite Poison            Fire/Alch      0%         N/A       100%        4
 Martyr's Knell           Necr/Summ      0%         N/A       100%        4
 Olgreb's Toxic Radiance  Alch           0%         N/A       100%        4
 Petrify                  Alch/Erth      0%         N/A       100%        4
 Summon Lightning Spire   Summ/Air       0%         N/A       100%        4
 Curse of Agony           Necr           0%         N/A       100%        5
 Silence                  Hex/Air        0%         N/A       100%        5
 Summon Mana Viper        Hex/Summ       0%         N/A       100%        5
 Death Channel            Necr           0%         N/A       100%        6
 Permafrost Eruption      Ice/Erth       0%         2x4d1     100%        6
 Plasma Beam              Fire/Air       0%         2x1d10    100%        6
 Sculpt Simulacrum        Ice/Alch       0%         N/A       100%        6
 Summon Cactus Giant      Summ           0%         N/A       100%        6
 Malign Gateway           Summ/Tloc      6%         N/A       100%        7
 Summon Hydra             Summ           0%         N/A       100%        7
 Lehudib's Crystal Spear  Conj/Erth      0%         10d2      100%        8
 Summon Horrible Things   Summ           0%         N/A       100%        8
 Animate Armour           Summ/Erth      Unusable   N/A       N/A         4

Dungeon Overview and Level Annotations

Branches:
Dungeon (15/15)            Temple (0/1) D:6            Lair (5/5) D:11
  Swamp (4/4) Lair:2       Spider (4/4) Lair:3        Slime (5/5) Lair:4
    Orc (2/2) D:10            Elf (3/3) Orc:2        Vaults (4/5) D:14
  Crypt (0/3) Vaults:3     Depths (2/4) D:15          Sewer (visited)
 Bailey (visited)          WizLab (visited)         Gauntlet (visited)

Altars:
Dithmenos
Hepliaklqana
Kikubaaqudgha
Nemelex Xobeh
Okawaru
Ru
Vehumet
Xom
Yredelemnul
Beogh
Jiyva

Shops:
D:6 :   D:9 =?(   Orc:1 [   Orc:2 *=*:[(=[(   Elf:1 =   Vaults:1 ![?
Vaults:2 [   Vaults:3 *   Depths:2 [[!

Portals:
Hell: Depths:1 Depths:2
Pandemonium: Depths:2
Ziggurat: Depths:1
Trove: Elf:1 (give +6 demon trident)

Annotations:
D:4 1 runed translucent door, Crazy Yiuf
D:7 2 transporters
Lair:5 2 runed translucent doors
Slime:5 Royal Jelly


Innate Abilities, Weirdness & Mutations

You are an undying horror.
Your melee and unarmed attacks drain, slow and weaken victims.
You are immune to unholy pain and torment.
You cannot drink.
You are immune to poison.
((You can breathe waves of cold which freeze foes solid.))
Your icy white scales are hard. (AC +11)
You cannot fit into any form of body armour.
Your flesh is cold resistant. (rC+)
You are cold-blooded and may be slowed by cold attacks.
You have sharp fingernails.
You have large cloven feet.
You are very agile. (Dex +8, Str/Int -2)
Your mind is acute. (Int +4, Str/Dex -1)
Your flesh is heat resistant. (rF+)
Your spells are a little harder to cast, but a little more powerful.
Your gelatinous body deflects attacks. (AC +3, EV +3)
Armour fits poorly on your pseudopods.
Your translucent skin reduces your foes' accuracy. (Stealth+)
You have a small jelly attached to you that senses nearby items.
You have a small jelly attached to you that may absorb projectiles.


Message History

You kill the white very ugly thing!
The liquid fire burns you! You block the water elemental's attack.
The cyan very ugly thing barely misses you.
Unknown command.
You punch the hellion!
The hellion decays.
You bludgeon the hellion.
The hellion is moderately wounded.
The liquid fire burns you!
The green very ugly thing completely misses you.
The hellion completely misses you. The water elemental closely misses you.
Unknown command.
You punch the hellion!
The hellion decays.
The hellion is heavily wounded.
The liquid fire burns you!
The cyan very ugly thing tentacle-slaps you!
* * * LOW HITPOINT WARNING * * *
The cyan very ugly thing shocks you!!
* * * LOW HITPOINT WARNING * * *
The green very ugly thing misses you.
You pound the hellion into fine dust!!!
You kill the hellion!
The liquid fire burns you!
* * * LOW HITPOINT WARNING * * *
You block the water elemental's attack.
The cyan very ugly thing closely misses you.
The green very ugly thing tail-slaps you!
* * * LOW HITPOINT WARNING * * *
You shake off the liquid fire.
The cyan very ugly thing attacks as it pursues you!
You block the cyan very ugly thing's attack.
The cyan very ugly thing completely misses you.
The green very ugly thing basks in the mutagenic energy from its kin and changes!
The water elemental attacks as it pursues you!
The water elemental completely misses you.
The cyan very ugly thing attacks as it pursues you!
The cyan very ugly thing tentacle-slaps you!
* * * LOW HITPOINT WARNING * * *
The cyan very ugly thing shocks you!!
You die...
Jiyva sends a jelly to digest your remains.

#...................
#.#######..<........ #.#
#......... ..... ..###
#........###..... ...^###
#...............
......####.............#
........###.......#....###.
........#.........#........
................zE.........
.~............###u.........
.~...........## ##†u#.....
.~.~~........# #).......~
≈~.≈........## ..........~
~~.......^..# ....?##......
.≈≈~........#....... #...##
.~≈~........#....... ....#
.≈≈~........#.∩..... ....


You could see 2 very ugly things and a water elemental.

Vanquished Creatures
  Mara (Spider:3)
  Sojobo (Vaults:4)
  Bai Suzhen (Vaults:4)
  Nikola (Vaults:3)
  Arachne (Spider:3)
  A tentacled monstrosity (Depths:1)
  A lich (Vaults:2)
  3 deep elf blademasters
  3 sphinxes
  2 deep elf master archers (Elf:3)
  5 tentacled starspawn (WizLab)
  A shadow dragon (Vaults:4)
  The ghost of 10x100 the Fencer, an adept FoFi of Okawaru (Spider:1)
  Kirke (Lair:3)
  A storm dragon (Depths:1)
  Aizul (Vaults:2)
  Donald (Swamp:3)
  4 tengu reavers
  A fenstrider witch (Swamp:4)
  7 deep elf sorcerers
  6 emperor scorpions
  9 vault wardens
  3 fire giants
  2 frost giants
  4 ghost moths
  3 balrugs
  4 deep elf elementalists (Elf:3)
  2 ghouls (Swamp:4)
  7 very ugly things
  3 orc warlords
  A cacodemon (WizLab)
  16 ironbound preservers
  A spriggan defender (Depths:1)
  11 stone giants
  2 broodmothers
  5 deep elf death magi
  4 deep elf demonologists (Elf:3)
  2 eleionomae
  5 deep elf annihilators (Elf:3)
  2 vampire knights (Vaults:4)
  A minotaur (Gauntlet)
  6 ironbound thunderhulks
  4 starcursed masses (WizLab)
  3 war gargoyles
  A black draconian (Vaults:2)
  Azrael (D:13)
  18 dire elephants
  5 spark wasps
  4 bunyips
  5 ettins
  2 green deaths (Depths:1)
  3 crystal guardians
  Snorg (D:10)
  2 deep elf high priests (Elf:3)
  4 fire dragons (Depths:2)
  2 shambling mangroves
  8 entropy weavers
  9 yaktaur captains
  A rakshasa (D:15)
  An ice dragon (Depths:1)
  2 peacekeepers
  A jorogumo (Spider:2)
  Erolcha (D:10)
  3 spriggan air magi
  8 ironbound frosthearts
  19 hydras
  9 vault guards
  16 alligators
  A hell beast (Depths:1)
  9 boulder beetles
  4 catoblepae
  A death knight (D:14)
  16 centaur warriors
  25 dancing weapons
  2 deep troll shamans (Depths:2)
  8 two-headed ogres
  A deep troll earth mage (Vaults:3)
  5 tengu warriors
  2 spriggan berserkers (Depths:1)
  7 demonic crawlers
  A vampire mage (Vaults:3)
  5 orc high priests
  4 sun demons
  3 occultists
  27 deep elf knights
  A spectral emperor scorpion (Spider:1)
  Amaemon (Lair:3)
  A spectral ghost moth (Spider:1)
  A spectral spark wasp (Spider:1)
  A fire crab (Lair:5)
  A skyshark (Lair:4)
  2 sixfirhies (Depths:1)
  2 wretched stars (WizLab)
  2 goliath frogs (Swamp:1)
  3 iron trolls (Depths:2)
  19 deep elf archers
  A sun moth (shapeshifter) (Depths:1)
  37 deep trolls
  7 skeletal warriors
  4 spriggan druids
  9 arcanists
  A flayed ghost (Depths:1)
  3 pharaoh ants
  An orange crystal statue (WizLab)
  12 orb spiders
  An obsidian statue (Depths:1)
  2 spectral broodmothers (Spider:1)
  5 sun moths
  15 ironbound convokers
  6 thermic dynamos
  A spectral jorogumo (Spider:1)
  6 bog bodies
  29 deep elf zephyrmancers
  10 swamp dragons
  7 lindwurms
  2 necromancers
  3 steelbarb worms
  36 deep elf pyromancers
  An obsidian bat (Orc:1)
  17 orc knights
  5 harpies (Vaults:1)
  2 phantasmal warriors (D:14)
  4 orc sorcerers
  A manticore (D:14)
  16 wolf spiders
  23 ugly things
  A will-o-the-wisp (Swamp:3)
  2 cyclopes (shapeshifter)
  2 spectral radroaches (Spider:1)
  2 kobold blastminers (Orc:1)
  5 moths of wrath
  5 cyclopes
  6 meliai
  17 vault sentinels
  5 elephants (Lair:4)
  Joseph (D:9)
  Maurice (Orc:1)
  2 rust devils (Depths:1)
  4 torpor snails
  5 black mambas
  12 cane toads
  Maggie (D:9)
  A hellion (Depths:2)
  2 molten gargoyles (Lair:5)
  An emperor scorpion simulacrum (Spider:1)
  2 gargoyles
  An orange demon (Lair:3)
  A centaur skeleton (D:15)
  6 rime drakes
  A kobold demonologist (D:12)
  25 yaktaurs
  2 unseen horrors (D:12)
  2 ice devils (Depths:1)
  A spark wasp simulacrum (Spider:1)
  Jeremiah (D:7)
  A freezing wraith (D:14)
  17 komodo dragons
  3 tengu conjurers
  A queen bee (Spider:3)
  Psyche (D:12)
  A red devil (Depths:1)
  5 trolls
  A hellwing (Depths:1)
  44 tarantellas
  14 hornets
  Prince Ribbit (D:5)
  Grinder (D:5)
  A jorogumo simulacrum (Spider:1)
  10 tyrant leeches
  35 blink frogs
  A harpy skeleton (D:15)
  A raiju (shapeshifter) (Elf:3)
  29 jumping spiders
  3 polar bears
  17 dream sheep
  A meliai zombie (D:15)
  24 culicivoras
  5 vampires
  3 wraiths
  49 yaks
  4 centaur simulacra
  A golden eye (shapeshifter) (D:15)
  6 humans (D:14)
  2 shadows
  11 wyverns
  2 air elementals
  2 ynoxinuls
  6 water elementals
  7 spriggans
  19 basilisks
  Grum (D:8)
  5 wargs
  6 fire elementals
  A steam dragon (Lair:5)
  19 vampire mosquitoes
  A neqoxec (Depths:1)
  52 redbacks
  21 swamp worms
  A hydra simulacrum (Gauntlet)
  7 hell hounds
  4 acid dragons
  14 water moccasins
  48 orc warriors
  2 ice beasts
  A black bear (D:3)
  A meliai simulacrum (Gauntlet)
  11 swamp drakes
  2 sky beasts
  11 ogres
  8 wolves
  3 boggarts (Vaults:1)
  17 centaurs
  5 kobold brigands (Bailey)
  A phantom (D:6)
  3 weeping skulls (D:6)
  5 bullfrogs
  4 gnoll sergeants
  3 earth elementals (Elf:3)
  2 wyvern zombies (D:6)
  9 wights
  39 killer bees
  A bombardier beetle (D:7)
  An electric eel (Lair:2)
  2 bullfrog zombies (D:6)
  A centaur zombie (D:6)
  6 lava snakes
  2 jellies (Sewer)
  4 hounds
  35 orc priests
  A gnoll bouda (Lair:1)
  A human zombie (D:6)
  3 iron imps (Gauntlet)
  An iguana (D:6)
  A sleepcap (D:4)
  Natasha (thrice) (D:3)
  Ijyb (D:5)
  29 orc wizards
  A mummy (D:6)
  19 gnolls
  10 adders
  A dart slug (D:3)
  5 ribbon worms
  85 orcs
  11 ball pythons
  4 bats
  10 endoplasms
  12 giant cockroaches
  6 hobgoblins
  8 jackals
  13 kobolds
  8 quokkas
  5 frilled lizards
  5 goblins
  2 quokka zombies (D:4)
  10 rats
  3 starspawn tentacles (WizLab)
1755 creatures vanquished.

Vanquished Creatures (collateral kills)
  2 orb spiders (Spider:4)
  A culicivora (Spider:4)
3 creatures vanquished.

Vanquished Creatures (others)
  An ancient champion (Vaults:4)
  An orc warlord (Vaults:3)
  A very ugly thing (WizLab)
  2 formless jellyfish (Vaults:3)
  7 great orbs of eyes
  An ironbound frostheart (Vaults:3)
  5 deep elf knights
  A deep elf archer (Elf:1)
  2 deep trolls (Vaults:3)
  An orb spider (Spider:1)
  An arcanist (Vaults:2)
  5 glowing orange brains
  A phantasmal warrior (Vaults:3)
  2 lindwurms (Vaults:3)
  2 ugly things
  3 deep elf pyromancers
  An orc sorcerer (Orc:2)
  An oklob plant (Gauntlet)
  A vault sentinel (Vaults:3)
  3 eyes of devastation (WizLab)
  A yaktaur (Vaults:2)
  A rime drake (Lair:4)
  A bloated husk (Swamp:1)
  24 slime creatures
  An air elemental (Elf:2)
  A human (Lair:3)
  A warg (Orc:2)
  A yak (D:9)
  6 golden eyes (WizLab)
  2 water moccasins
  3 orc warriors
  An ice beast (D:6)
  A black bear (Lair:3)
  2 boggarts
  2 bullfrogs
  An earth elemental (Elf:1)
  A scorpion (D:5)
  A wight (D:10)
  162 jellies
  2 hounds
  4 orc priests
  An iguana (D:4)
  5 orc wizards
  2 shadow imps (D:7)
  23 orcs
  An endoplasm (D:4)
  3 goblins (D:10)
  10 starspawn tentacles (WizLab)
306 creatures vanquished.

Grand Total: 2064 creatures vanquished

Notes
Turn   | Place    | Note
-------+----------+-------------------------------------------
     0 | D:1      | tls9540 the Draconian Shapeshifter began the quest for the
                  | Orb.
     0 | D:1      | Reached XP level 1. HP: 16/16 MP: 1/1
   128 | D:1      | Got the Elucidation of Portents
   135 | D:1      | Reached XP level 2. HP: 19/23 MP: 2/2
   603 | D:2      | Reached skill level 4 in Shapeshifting
   707 | D:2      | Reached XP level 3. HP: 28/28 MP: 3/3
   991 | D:2      | Found a hazy altar of Hepliaklqana.
  1155 | D:2      | Found a faded altar of an unknown god.
  1393 | D:3      | Reached XP level 4. HP: 35/35 MP: 4/4
  1574 | D:3      | Noticed a black bear
  1590 | D:3      | Killed a black bear
  1591 | D:3      | Reached skill level 5 in Shapeshifting
  1591 | D:3      | Reached XP level 5. HP: 12/40 MP: 5/5
  1904 | D:3      | Noticed Natasha
  1911 | D:3      | Killed Natasha
  2016 | D:3      | Found a shimmering altar of Xom.
  2016 | D:3      | Found an ancient bone altar of Kikubaaqudgha.
  2062 | D:3      | Noticed Natasha
  2076 | D:3      | Killed Natasha
  2077 | D:3      | Reached skill level 6 in Shapeshifting
  2081 | D:3      | Noticed Natasha
  2088 | D:3      | Killed Natasha
  2089 | D:3      | Reached skill level 1 in Stealth
  2089 | D:3      | Reached XP level 6. HP: 21/47 MP: 6/6
  2396 | D:4      | Found a glowing drain.
  2434 | Sewer    | Entered a sewer
  2762 | Sewer    | Found a viscous altar of Jiyva.
  2784 | Sewer    | Reached skill level 7 in Shapeshifting
  2831 | Sewer    | Became a worshipper of Jiyva Jeotadu the Shapeless
  2972 | D:4      | Identified the +3 short sword of Actus Reus {freeze, rN+
                  | Int+5 Dex-2}
  3118 | D:4      | Reached * piety under Jiyva
  3143 | D:4      | Your scales start taking on an icy white colour.
  3143 | D:4      | Reached XP level 7. HP: 51/52 MP: 7/7
  3143 | D:4      | Gained mutation: Your flesh is cold resistant. (rC+) [White
                  | Draconian growth]
  3484 | D:4      | Found a runed translucent door.
  3485 | D:4      | Noticed Crazy Yiuf
  3765 | D:5      | Entered Level 5 of the Dungeon
  3817 | D:5      | Noticed Grinder
  3872 | D:5      | Paralysed by Grinder for 3 turns
  3878 | D:5      | Paralysed by Grinder for 5 turns
  3891 | D:5      | Killed Grinder
  3947 | D:5      | Noticed Ijyb
  3968 | D:5      | Killed Ijyb
  4111 | D:5      | Reached XP level 8. HP: 46/67 MP: 8/8
  4150 | D:5      | Reached ** piety under Jiyva
  4180 | D:5      | Noticed Prince Ribbit
  4192 | D:5      | Killed Prince Ribbit
  4193 | D:5      | Reached skill level 5 in Fighting
  4855 | D:6      | Reached *** piety under Jiyva
  4916 | D:6      | Found Raor Cat's Book Boutique.
  4980 | D:6      | Gained mutation: You are robust. (+10% HP) [Jiyva's grace]
  4980 | D:6      | Gained mutation: You are very robust. (+20% HP) [Jiyva's
                  | grace]
  4980 | D:6      | Gained mutation: You are extremely robust. (+30% HP)
                  | [Jiyva's grace]
  4980 | D:6      | Gained mutation: Your body has grown eyes which may confuse
                  | attackers. (Acc +3) [Jiyva's grace]
  5255 | D:6      | Found a basalt altar of Yredelemnul.
  5309 | D:6      | Reached XP level 9. HP: 107/107 MP: 9/9
  5330 | D:6      | Found a staircase to the Ecumenical Temple.
  5421 | D:6      | Found a sacrificial altar of Ru.
  5635 | D:7      | Reached **** piety under Jiyva
  5710 | D:7      | Noticed Jeremiah
  5723 | D:7      | Reached skill level 10 in Fighting
  5726 | D:7      | Killed Jeremiah
  5845 | D:7      | Found a transporter.
  5850 | D:7      | Noticed a kobold demonologist
  5869 | D:7      | Found a hazy altar of Hepliaklqana.
  5878 | D:7      | Reached skill level 5 in Unarmed Combat
  5884 | D:7      | Noticed a kobold demonologist
  5887 | D:7      | Found a transporter.
  5887 | D:7      | Reached ***** piety under Jiyva
  5928 | D:7      | Found a radiant altar of Vehumet.
  6336 | D:8      | Noticed Grum
  6363 | D:8      | Reached XP level 10. HP: 110/120 MP: 10/10
  6372 | D:8      | Killed Grum
  6590 | D:8      | Gained mutation: You are agile. (Dex +4, Str/Int -1)
                  | [Jiyva's grace]
  6590 | D:8      | Gained mutation: You are very agile. (Dex +8, Str/Int -2)
                  | [Jiyva's grace]
  6590 | D:8      | Gained mutation: You have acidic saliva. [Jiyva's grace]
  6590 | D:8      | Gained mutation: Your spells are a little harder to cast,
                  | but a little more powerful. [Jiyva's grace]
  6935 | D:9      | Noticed Joseph
  6947 | D:9      | Found a shadowy altar of Dithmenos.
  6952 | D:9      | Found Eculete's Weapon Boutique.
  6963 | D:9      | Found Zanuta's Jewellery Emporium.
  7013 | D:9      | Noticed Maggie
  7035 | D:9      | Killed Maggie
  7044 | D:9      | Killed Joseph
  7045 | D:9      | Reached skill level 10 in Unarmed Combat
  7053 | D:9      | Found an iron altar of Okawaru.
  7058 | D:10     | Entered Level 10 of the Dungeon
  7259 | D:10     | Found a flagged portal.
  7284 | Bailey   | Entered a bailey
  7347 | Bailey   | Identified the +8 war axe "Jiabro" {spect, *Corrode Str+4
                  | Dex+3}
  7385 | Bailey   | Found a burning altar of Makhleb.
  7591 | D:10     | Noticed Snorg
  7602 | D:10     | Killed Snorg
  7603 | D:10     | Reached skill level 5 in Dodging
  7603 | D:10     | Reached XP level 11. HP: 89/128 MP: 11/11
  7636 | D:10     | Found a staircase to the Orcish Mines.
  7754 | D:10     | Noticed a skeletal warrior
  7756 | D:10     | Noticed a skeletal warrior
  7756 | D:10     | Noticed a skeletal warrior
  7770 | D:10     | Slimified a skeletal warrior
  7770 | D:10     | a skeletal warrior changed into a slime creature
  7800 | D:10     | Slimified a skeletal warrior
  7800 | D:10     | a skeletal warrior changed into a slime creature
  7812 | D:10     | Killed a skeletal warrior
  7919 | D:10     | Noticed a skeletal warrior
  7936 | D:10     | Killed a skeletal warrior
  8032 | D:10     | Noticed Erolcha
  8044 | D:10     | Killed Erolcha
  8562 | D:9      | Lost mutation: You are very agile. (Dex +8, Str/Int -2)
                  | [Jiyva's grace]
  8562 | D:9      | Lost mutation: You are agile. (Dex +4, Str/Int -1) [Jiyva's
                  | grace]
  8562 | D:9      | Lost mutation: You are extremely robust. (+30% HP) [Jiyva's
                  | grace]
  8562 | D:9      | Gained mutation: You have a small jelly attached to you
                  | that senses nearby items. [Jiyva's grace]
  8562 | D:9      | Gained mutation: Your muscles are strong. (Str +4, Int/Dex
                  | -1) [Jiyva's grace]
  8562 | D:9      | Gained mutation: Your muscles are very strong. (Str +8,
                  | Int/Dex -2) [Jiyva's grace]
  8562 | D:9      | Gained mutation: Your translucent skin slightly reduces
                  | your foes' accuracy. (Stealth+) [Jiyva's grace]
  8566 | D:9      | Found Uvvois's Magic Scroll Boutique.
  8574 | D:9      | Bought a scroll of identify for 24 gold pieces
  8574 | D:9      | Bought a scroll of poison for 48 gold pieces
  8574 | D:9      | Bought a scroll of teleportation for 36 gold pieces
  8574 | D:9      | Bought a scroll of fog for 48 gold pieces
  8718 | D:11     | Noticed a two-headed ogre
  8727 | D:11     | Killed a two-headed ogre
  8967 | D:11     | Found a staircase to the Lair.
  8973 | Lair:1   | Entered Level 1 of the Lair of Beasts
  9113 | Lair:1   | Reached XP level 12. HP: 127/127 MP: 12/12
  9287 | Lair:1   | Found a gate leading to a gauntlet.
  9299 | Gauntlet | Entered a Gauntlet
  9299 | Gauntlet | Found a transporter.
  9299 | Gauntlet | Found a large runed translucent door.
  9299 | Gauntlet | Found a large runed translucent door.
  9299 | Gauntlet | Found a large runed translucent door.
  9299 | Gauntlet | Found a large runed translucent door.
  9299 | Gauntlet | Found a runed translucent door.
  9299 | Gauntlet | Found a runed translucent door.
  9299 | Gauntlet | Found a large runed translucent door.
  9299 | Gauntlet | Found a large runed translucent door.
  9299 | Gauntlet | Found a large runed translucent door.
  9299 | Gauntlet | Found a large runed translucent door.
  9299 | Gauntlet | Found a large runed translucent door.
  9299 | Gauntlet | Found a large runed translucent door.
  9300 | Gauntlet | Found a large runed translucent door.
  9300 | Gauntlet | Found a large runed translucent door.
  9308 | Gauntlet | Found a transporter.
  9323 | Gauntlet | Found a transporter.
  9328 | Gauntlet | Found a transporter.
  9343 | Gauntlet | Found a transporter.
  9362 | Gauntlet | Found a transporter.
  9374 | Gauntlet | Found a transporter.
  9386 | Gauntlet | Found a transporter.
  9398 | Gauntlet | Found a transporter.
  9410 | Gauntlet | Found a transporter.
  9421 | Gauntlet | Found a transporter.
  9421 | Gauntlet | Found a transporter.
  9558 | Gauntlet | Found a large runed translucent door.
  9558 | Gauntlet | Found a large runed translucent door.
  9563 | Gauntlet | Found a large runed translucent door.
  9564 | Gauntlet | Found a large runed translucent door.
  9568 | Gauntlet | Found a runed translucent gate.
  9568 | Gauntlet | Found a runed translucent gate.
  9568 | Gauntlet | Found a runed translucent gate.
  9569 | Gauntlet | Found a transporter.
  9574 | Gauntlet | Found a transporter.
  9574 | Gauntlet | Found a transporter.
  9593 | Gauntlet | Found a transporter.
  9633 | Gauntlet | Identified the ring "Xokexi" {Str+4 Slay+4}
  9677 | Gauntlet | Identified the ring "Tuom" {rF+ rN+}
  9713 | Gauntlet | Noticed a minotaur
  9721 | Gauntlet | Killed a minotaur
  9880 | Lair:1   | Lost mutation: You are very robust. (+20% HP) [Jiyva's
                  | grace]
  9880 | Lair:1   | Lost mutation: You have acidic saliva. [Jiyva's grace]
  9880 | Lair:1   | Lost mutation: Your translucent skin slightly reduces your
                  | foes' accuracy. (Stealth+) [Jiyva's grace]
  9880 | Lair:1   | Gained mutation: You have a small jelly attached to you
                  | that may absorb projectiles. [Jiyva's grace]
  9880 | Lair:1   | Gained mutation: Your melee attacks may engulf your foes in
                  | ooze. [Jiyva's grace]
  9880 | Lair:1   | Gained mutation: Your rubbery body absorbs attacks. (AC +1,
                  | EV +1) [Jiyva's grace]
  9880 | Lair:1   | Gained mutation: Your pliable body absorbs attacks. (AC +2,
                  | EV +2) [Jiyva's grace]
 10438 | Lair:2   | Reached skill level 15 in Unarmed Combat
 10585 | Lair:2   | Noticed a seven-headed hydra
 10591 | Lair:2   | Killed a seven-headed hydra
 10650 | Lair:2   | Noticed a six-headed hydra
 10656 | Lair:2   | Killed a six-headed hydra
 10727 | Lair:2   | Found a staircase to the Swamp.
 10981 | Lair:2   | Reached ****** piety under Jiyva
 11199 | Lair:3   | Noticed Kirke
 11210 | Lair:3   | Killed Kirke
 11243 | Lair:3   | Lost mutation: Your muscles are very strong. (Str +8,
                  | Int/Dex -2) [Jiyva's grace]
 11243 | Lair:3   | Lost mutation: Your muscles are strong. (Str +4, Int/Dex
                  | -1) [Jiyva's grace]
 11243 | Lair:3   | Lost mutation: Your body has grown eyes which may confuse
                  | attackers. (Acc +3) [Jiyva's grace]
 11243 | Lair:3   | Lost mutation: You have a small jelly attached to you that
                  | senses nearby items. [Jiyva's grace]
 11243 | Lair:3   | Gained mutation: Your translucent skin slightly reduces
                  | your foes' accuracy. (Stealth+) [Jiyva's grace]
 11243 | Lair:3   | Gained mutation: Your translucent skin reduces your foes'
                  | accuracy. (Stealth+) [Jiyva's grace]
 11243 | Lair:3   | Gained mutation: Your transparent skin significantly
                  | reduces your foes' accuracy. (Stealth+) [Jiyva's grace]
 11243 | Lair:3   | Gained mutation: You possess an exceptional clarity of
                  | mind. [Jiyva's grace]
 11329 | Lair:3   | Noticed a six-headed hydra
 11335 | Lair:3   | Killed a six-headed hydra
 11336 | Lair:3   | Reached XP level 13. HP: 102/124 MP: 13/13
 11367 | Lair:3   | Found a hole to the Spider Nest.
 11376 | Lair:3   | Noticed Amaemon
 11391 | Lair:3   | Killed Amaemon
 12314 | Lair:4   | Reached skill level 8 in Shapeshifting
 12374 | Lair:4   | Reached skill level 9 in Shapeshifting
 12535 | Lair:4   | Found a viscous altar of Jiyva.
 12535 | Lair:4   | Found a staircase to the Slime Pits.
 12715 | Slime:1  | Entered Level 1 of the Pits of Slime
 12715 | Slime:1  | Noticed a rockslime
 12726 | Slime:3  | Noticed a quicksilver ooze
 12732 | Slime:4  | Noticed a rockslime
 12732 | Slime:4  | Noticed an acid blob
 12741 | Slime:5  | Entered Level 5 of the Pits of Slime
 12758 | Slime:5  | Noticed an acid blob
 12788 | Slime:5  | Noticed an azure jelly
 12791 | Slime:5  | Noticed an azure jelly
 12801 | Slime:5  | Found a viscous altar of Jiyva.
 12801 | Slime:5  | Noticed an acid blob
 12801 | Slime:5  | Noticed an acid blob
 12802 | Slime:5  | Noticed an acid blob
 12804 | Slime:5  | Noticed an acid blob
 12804 | Slime:5  | Noticed an azure jelly
 12805 | Slime:5  | Noticed an azure jelly
 12824 | Slime:5  | Got a starry gem with 493 turns to spare
 12828 | Slime:5  | Got a slimy rune of Zot
 12843 | Slime:5  | Identified the +1 robe "Kezuetuze" {Will+}
 12888 | Slime:5  | Identified the +5 arbalest "Dige" {freeze, rN++}
 12901 | Slime:5  | Noticed a quicksilver ooze
 12903 | Slime:5  | Noticed an acid blob
 12906 | Slime:5  | Noticed the Royal Jelly
 12931 | Slime:5  | Noticed an azure jelly
 13112 | Slime:5  | Noticed an azure jelly
 13158 | Slime:5  | Noticed a rockslime
 13160 | Slime:5  | Noticed a quicksilver ooze
 13165 | Slime:5  | Noticed an acid blob
 13204 | Slime:5  | Noticed a rockslime
 13211 | Slime:5  | Noticed an acid blob
 13213 | Slime:5  | Noticed an acid blob
 13246 | Slime:3  | Noticed a quicksilver ooze
 13248 | Slime:3  | Noticed an azure jelly
 13259 | Slime:1  | Noticed a formless jellyfish
 13557 | Lair:4   | Reached skill level 10 in Shapeshifting
 13991 | Lair:5   | Entered Level 5 of the Lair of Beasts
 14009 | Lair:5   | Reached skill level 11 in Shapeshifting
 14051 | Lair:5   | Reached XP level 14. HP: 119/133 MP: 14/14
 14145 | Lair:5   | Reached skill level 12 in Shapeshifting
 14551 | Lair:5   | Reached skill level 13 in Shapeshifting
 14589 | Lair:5   | Found a large runed translucent door.
 14590 | Lair:5   | Found a large runed translucent door.
 14738 | Lair:5   | Identified the maw talisman "Cacozeb" {Will+ Int+2}
 14770 | Lair:5   | Lost mutation: Your spells are a little harder to cast, but
                  | a little more powerful. [Jiyva's grace]
 14770 | Lair:5   | Lost mutation: Your pliable body absorbs attacks. (AC +2,
                  | EV +2) [Jiyva's grace]
 14770 | Lair:5   | Lost mutation: Your rubbery body absorbs attacks. (AC +1,
                  | EV +1) [Jiyva's grace]
 14770 | Lair:5   | Gained mutation: You have hidden genetic potential.
                  | [Jiyva's grace]
 14770 | Lair:5   | Gained mutation: You have great hidden genetic potential.
                  | [Jiyva's grace]
 14770 | Lair:5   | Gained mutation: You have a pair of small horns on your
                  | head. [Jiyva's grace]
 14770 | Lair:5   | Gained mutation: You have a pair of horns on your head.
                  | [Jiyva's grace]
 15467 | D:11     | Reached skill level 1 in Evocations
 15961 | Orc:1    | Entered Level 1 of the Orcish Mines
 15988 | Orc:2    | Entered Level 2 of the Orcish Mines
 16054 | Orc:2    | Found a roughly hewn altar of Beogh.
 16115 | Orc:1    | Noticed Maurice
 16118 | Orc:1    | Maurice stole the maw talisman "Cacozeb" {Will+ Int+2}
 16121 | Orc:1    | Killed Maurice
 16264 | Orc:1    | Found Zaroga's Armour Shop.
 16574 | Orc:1    | Reached skill level 5 in Evocations
 16594 | Orc:1    | Found a roughly hewn altar of Beogh.
 16704 | Orc:2    | Found Porif's Jewellery Emporium.
 16779 | Orc:2    | Lost mutation: Your melee attacks may engulf your foes in
                  | ooze. [Jiyva's grace]
 16779 | Orc:2    | Gained mutation: Your spells are a little harder to cast,
                  | but a little more powerful. [Jiyva's grace]
 16779 | Orc:2    | Gained mutation: Your spells are harder to cast, but more
                  | powerful. [Jiyva's grace]
 16779 | Orc:2    | Gained mutation: Your spells are much harder to cast, but
                  | much more powerful. [Jiyva's grace]
 16779 | Orc:2    | Gained mutation: You are resistant to electric shocks.
                  | (rElec) [Jiyva's grace]
 16781 | Orc:2    | Noticed an orc warlord
 16868 | Orc:2    | Slimified an orc warlord
 16868 | Orc:2    | an orc warlord changed into an azure jelly
 16868 | Orc:2    | Noticed an azure jelly
 16935 | Orc:2    | Reached skill level 14 in Shapeshifting
 16944 | Orc:2    | Bought an amulet of regeneration for 510 gold pieces
 16977 | Orc:2    | Reached XP level 15. HP: 124/138 MP: 15/15
 17068 | Orc:2    | Found Hiwnulil's Antique Armour Emporium.
 17069 | Orc:2    | Found Ocwewn's Antique Weapon Shoppe.
 17071 | Orc:2    | Found Edwuf's General Store.
 17071 | Orc:2    | Found Ytuxos's Jewellery Emporium.
 17086 | Orc:2    | Bought a scroll of identify for 22 gold pieces
 17172 | Orc:2    | Found a staircase to the Elven Halls.
 17173 | Orc:2    | Found Okhouggi's General Store.
 17181 | Orc:2    | Bought a scroll of identify for 30 gold pieces
 17306 | Orc:2    | Found Ucywno's Antique Weapon Boutique.
 17345 | Orc:2    | Found Tujan's Armour Shoppe.
 17351 | Orc:2    | Noticed a walking earthen tome
 17352 | Orc:2    | Found Ugucilej's Book Emporium.
 17353 | Orc:2    | Noticed a walking divine tome
 17460 | Orc:2    | Bought a runed kite shield for 187 gold pieces
 17532 | Orc:1    | Bought the +1 cloak of the Special Nightcaps {Dex+3} for
                  | 228 gold pieces
 17666 | D:12     | Reached skill level 1 in Shields
 17860 | D:12     | Noticed Psyche
 17866 | D:12     | Killed Psyche
 18175 | D:12     | Identified the +7 quarterstaff of Awkwardness {elec, Str+3}
 18372 | D:13     | Reached skill level 5 in Shields
 18408 | D:13     | Gained mutation: You are agile. (Dex +4, Str/Int -1)
                  | [hidden potential]
 18410 | D:13     | Noticed Azrael
 18419 | D:13     | Killed Azrael
 18869 | D:14     | Lost mutation: You are resistant to electric shocks.
                  | (rElec) [Jiyva's grace]
 18869 | D:14     | Lost mutation: Your spells are much harder to cast, but
                  | much more powerful. [Jiyva's grace]
 18869 | D:14     | Lost mutation: You have great hidden genetic potential.
                  | [Jiyva's grace]
 18869 | D:14     | Gained mutation: Armour fits poorly on your pseudopods.
                  | [Jiyva's grace]
 18869 | D:14     | Gained mutation: Armour fits poorly on your large
                  | pseudopods. [Jiyva's grace]
 18869 | D:14     | Gained mutation: Armour fits poorly on your massive
                  | pseudopods. [Jiyva's grace]
 18869 | D:14     | Gained mutation: Your melee attacks may engulf your foes in
                  | ooze. [Jiyva's grace]
 19024 | D:14     | Found a gate to the Vaults.
 19032 | D:14     | Identified the +8 great mace of Befonyl {heavy, Str+3}
 19287 | D:14     | Upgraded the game from 0.32-a0-899-geb5ba95 to
                  | 0.32-a0-900-g30fb1b0
 19332 | D:14     | You fall into a shaft and drop 1 floor!
 19332 | D:15     | Entered Level 15 of the Dungeon
 19642 | D:15     | Reached XP level 16. HP: 150/150 MP: 16/16
 19685 | D:15     | Found a staircase to the Depths.
 20165 | Orc:2    | Bought a ring of poison resistance for 340 gold pieces
 20333 | Swamp:1  | Entered Level 1 of the Swamp
 20351 | Swamp:1  | Reached skill level 15 in Shapeshifting
 20665 | Swamp:1  | Lost mutation: You are robust. (+10% HP) [Jiyva's grace]
 20665 | Swamp:1  | Lost mutation: Your transparent skin significantly reduces
                  | your foes' accuracy. (Stealth+) [Jiyva's grace]
 20665 | Swamp:1  | Gained mutation: Your flesh is heat resistant. (rF+)
                  | [Jiyva's grace]
 20665 | Swamp:1  | Gained mutation: Your flesh is very heat resistant. (rF++)
                  | [Jiyva's grace]
 20665 | Swamp:1  | Gained mutation: Your flesh is almost immune to the effects
                  | of heat. (rF+++) [Jiyva's grace]
 20665 | Swamp:1  | Gained mutation: You are resistant to electric shocks.
                  | (rElec) [Jiyva's grace]
 20770 | Swamp:2  | Gained mutation: Your mind is acute. (Int +4, Str/Dex -1)
                  | [hidden potential]
 20770 | Swamp:2  | Lost mutation: You have hidden genetic potential. [hidden
                  | potential expressed]
 21263 | Swamp:3  | Noticed Donald
 21277 | Swamp:3  | Killed Donald
 21681 | Swamp:3  | Reached skill level 16 in Shapeshifting
 21803 | Swamp:4  | Entered Level 4 of the Swamp
 22032 | Swamp:4  | Reached XP level 17. HP: 90/154 MP: 17/17
 22052 | Swamp:4  | Got a decaying rune of Zot
 22438 | Swamp:4  | Learned a level 2 spell: Lesser Beckoning
 22593 | Spider:1 | Entered Level 1 of the Spider Nest
 22614 | Spider:1 | Reached skill level 1 in Translocations
 22629 | Spider:1 | Found a runed translucent gate.
 22629 | Spider:1 | Found a runed translucent gate.
 22629 | Spider:1 | Found a runed translucent gate.
 22629 | Spider:1 | Noticed 10x100's ghost (adept FoFi)
 22651 | Spider:1 | Reached skill level 15 in Fighting
 22738 | Spider:1 | Reached skill level 17 in Shapeshifting
 22790 | Spider:1 | Lost mutation: Your flesh is almost immune to the effects
                  | of heat. (rF+++) [Jiyva's grace]
 22790 | Spider:1 | Lost mutation: Your flesh is very heat resistant. (rF++)
                  | [Jiyva's grace]
 22790 | Spider:1 | Lost mutation: Your spells are harder to cast, but more
                  | powerful. [Jiyva's grace]
 22790 | Spider:1 | Lost mutation: Your spells are a little harder to cast, but
                  | a little more powerful. [Jiyva's grace]
 22790 | Spider:1 | Lost mutation: Armour fits poorly on your massive
                  | pseudopods. [Jiyva's grace]
 22790 | Spider:1 | Gained mutation: You are covered in slimy tendrils that may
                  | disarm your opponents. [Jiyva's grace]
 22790 | Spider:1 | Gained mutation: You are somewhat resistant to further
                  | mutation. [Jiyva's grace]
 22790 | Spider:1 | Gained mutation: You are somewhat resistant to both further
                  | mutation and mutation removal. [Jiyva's grace]
 22790 | Spider:1 | Gained mutation: You are almost entirely resistant to
                  | further mutation and mutation removal. [Jiyva's grace]
 22932 | Spider:1 | Reached skill level 5 in Translocations
 23171 | Spider:1 | Killed 10x100's ghost
 23195 | Spider:1 | Identified a scroll of acquirement
 23459 | Spider:2 | Reached skill level 10 in Dodging
 23554 | Spider:2 | Acquired a manual of Fighting
 24030 | Spider:2 | Identified the +6 ring mail of Words of Power {Rampage
                  | *Slow rElec Will-}
 24085 | Spider:2 | Reached XP level 18. HP: 163/163 MP: 18/18
 24103 | Spider:2 | You fall into a shaft and drop 1 floor!
 24169 | Spider:3 | Noticed Mara
 24219 | Spider:3 | Noticed tls9540's illusion
 24233 | Spider:3 | Noticed tls9540's illusion
 24241 | Spider:3 | Killed Mara
 24297 | Spider:3 | Noticed Arachne
 24328 | Spider:3 | Killed Arachne
 24732 | Spider:4 | Entered Level 4 of the Spider Nest
 25086 | Spider:4 | Got a milky-white gem with 2 turns to spare
 25101 | Spider:4 | Got a gossamer rune of Zot
 25320 | Spider:4 | Lost mutation: You are almost entirely resistant to further
                  | mutation and mutation removal. [Jiyva's grace]
 25320 | Spider:4 | Lost mutation: Armour fits poorly on your large pseudopods.
                  | [Jiyva's grace]
 25320 | Spider:4 | Lost mutation: Your translucent skin reduces your foes'
                  | accuracy. (Stealth+) [Jiyva's grace]
 25320 | Spider:4 | Lost mutation: You are covered in slimy tendrils that may
                  | disarm your opponents. [Jiyva's grace]
 25320 | Spider:4 | Gained mutation: Your translucent skin reduces your foes'
                  | accuracy. (Stealth+) [Jiyva's grace]
 25320 | Spider:4 | Gained mutation: Your transparent skin significantly
                  | reduces your foes' accuracy. (Stealth+) [Jiyva's grace]
 25320 | Spider:4 | Gained mutation: You have large cloven feet. [Jiyva's
                  | grace]
 25320 | Spider:4 | Gained mutation: You have hoof-like feet. [Jiyva's grace]
 25807 | Vaults:1 | Entered Level 1 of the Vaults
 26056 | Vaults:1 | Found Fovag's Antique Armour Shoppe.
 26330 | Vaults:1 | Found Kuopogh's Magic Scroll Shop.
 26335 | Vaults:1 | Bought a scroll of blinking for 157 gold pieces
 26335 | Vaults:1 | Bought a scroll of teleportation for 63 gold pieces
 26335 | Vaults:1 | Bought a scroll of teleportation for 63 gold pieces
 26424 | Vaults:1 | Reached XP level 19. HP: 173/185 MP: 19/19
 26546 | Vaults:1 | Found Kungyiraa's Distillery.
 26550 | Vaults:1 | Bought a potion of degeneration for 12 gold pieces
 26550 | Vaults:1 | Bought a potion of attraction for 36 gold pieces
 27076 | Vaults:2 | Lost mutation: You have hoof-like feet. [Jiyva's grace]
 27076 | Vaults:2 | Lost mutation: You have a pair of horns on your head.
                  | [Jiyva's grace]
 27076 | Vaults:2 | Lost mutation: You possess an exceptional clarity of mind.
                  | [Jiyva's grace]
 27076 | Vaults:2 | Lost mutation: You are resistant to electric shocks.
                  | (rElec) [Jiyva's grace]
 27076 | Vaults:2 | Gained mutation: You have a pair of horns on your head.
                  | [Jiyva's grace]
 27076 | Vaults:2 | Gained mutation: You have a pair of large horns on your
                  | head. [Jiyva's grace]
 27076 | Vaults:2 | Gained mutation: You are very agile. (Dex +8, Str/Int -2)
                  | [Jiyva's grace]
 27076 | Vaults:2 | Gained mutation: Your spells are a little harder to cast,
                  | but a little more powerful. [Jiyva's grace]
 27321 | Vaults:2 | Reached skill level 18 in Shapeshifting
 27367 | Vaults:2 | Acquired the +3 pair of seven-league boots {Rampage+∞}
 27367 | Vaults:2 | Found the +3 pair of seven-league boots {Rampage+∞}
 27400 | Vaults:2 | Identified the serpent talisman "Catohyrch" {rCorr MP+9
                  | Str-2 Stlth+}
 27400 | Vaults:2 | Noticed Aizul
 27409 | Vaults:2 | Killed Aizul
 27614 | Vaults:2 | Found Middon's Antique Armour Emporium.
 28221 | Vaults:3 | Noticed Nikola
 28232 | Vaults:3 | Killed Nikola
 28233 | Vaults:3 | Reached skill level 19 in Shapeshifting
 28258 | Vaults:3 | Found a staircase to the Crypt.
 28469 | Vaults:3 | Found Paacwis's Assorted Antiques.
 28552 | Vaults:3 | Lost mutation: You have a pair of large horns on your head.
                  | [Jiyva's grace]
 28552 | Vaults:3 | Lost mutation: You have a pair of horns on your head.
                  | [Jiyva's grace]
 28552 | Vaults:3 | Lost mutation: You are somewhat resistant to both further
                  | mutation and mutation removal. [Jiyva's grace]
 28552 | Vaults:3 | Gained mutation: Your mind is very acute. (Int +8, Str/Dex
                  | -2) [Jiyva's grace]
 28552 | Vaults:3 | Gained mutation: You have a small jelly attached to you
                  | that senses nearby items. [Jiyva's grace]
 28552 | Vaults:3 | Gained mutation: You are somewhat resistant to both further
                  | mutation and mutation removal. [Jiyva's grace]
 28552 | Vaults:3 | Gained mutation: You are almost entirely resistant to
                  | further mutation and mutation removal. [Jiyva's grace]
 29000 | Vaults:3 | Reached XP level 20. HP: 198/198 MP: 20/20
 29327 | Vaults:4 | Reached skill level 20 in Shapeshifting
 29340 | Vaults:4 | Noticed Sojobo
 29421 | Vaults:4 | Identified the dragon-blood talisman of Happiness {Will+
                  | Str+3}
 29421 | Vaults:4 | Noticed Bai Suzhen
 29442 | Vaults:4 | Killed Bai Suzhen
 29573 | Vaults:4 | Killed Sojobo
 29820 | Vaults:4 | Reached skill level 21 in Shapeshifting
 30195 | Vaults:4 | Identified the orb of Perpetual Drought {*channel, rC+
                  | Str+3 Dex+5 Slay-6}
 30195 | Vaults:4 | Noticed Frederick
 30196 | Vaults:4 | Noticed Rupert
 30309 | Vaults:4 | Slimified Frederick
 30309 | Vaults:4 | Frederick changed into Frederick the acid blob
 30309 | Vaults:4 | Noticed Frederick
 30313 | Vaults:4 | Slimified Rupert
 30313 | Vaults:4 | Rupert changed into Rupert the acid blob
 30313 | Vaults:4 | Noticed Rupert
 30748 | D:9      | Bought the ring of Reseb {Will++ rCorr Stlth+} for 569 gold
                  | pieces
 30837 | Elf:1    | Entered Level 1 of the Elven Halls
 31068 | Elf:1    | Found a radiant altar of Vehumet.
 31083 | Elf:1    | Found Jihokebu's Jewellery Shop.
 31178 | Elf:1    | Found a portal to a secret trove of treasure.
 31451 | Elf:1    | Lost mutation: You have a pair of small horns on your head.
                  | [Jiyva's grace]
 31451 | Elf:1    | Lost mutation: Your mind is very acute. (Int +8, Str/Dex
                  | -2) [Jiyva's grace]
 31451 | Elf:1    | Lost mutation: You are almost entirely resistant to further
                  | mutation and mutation removal. [Jiyva's grace]
 31451 | Elf:1    | Lost mutation: You are somewhat resistant to both further
                  | mutation and mutation removal. [Jiyva's grace]
 31451 | Elf:1    | Lost mutation: You are somewhat resistant to further
                  | mutation. [Jiyva's grace]
 31451 | Elf:1    | Lost mutation: Your transparent skin significantly reduces
                  | your foes' accuracy. (Stealth+) [Jiyva's grace]
 31451 | Elf:1    | Lost mutation: Your melee attacks may engulf your foes in
                  | ooze. [Jiyva's grace]
 31451 | Elf:1    | Gained mutation: Your rubbery body absorbs attacks. (AC +1,
                  | EV +1) [Jiyva's grace]
 31451 | Elf:1    | Gained mutation: Your pliable body absorbs attacks. (AC +2,
                  | EV +2) [Jiyva's grace]
 31451 | Elf:1    | Gained mutation: Your gelatinous body deflects attacks. (AC
                  | +3, EV +3) [Jiyva's grace]
 31451 | Elf:1    | Gained mutation: You have sharp fingernails. [Jiyva's
                  | grace]
 31655 | Elf:2    | Reached skill level 22 in Shapeshifting
 31782 | Elf:2    | Reached XP level 21. HP: 202/204 MP: 21/21
 31861 | Elf:2    | Found a magical portal.
 31870 | WizLab   | Entered Lehudib's Moon Base
 32222 | WizLab   | Found a transporter.
 32305 | WizLab   | Reached skill level 23 in Shapeshifting
 32469 | WizLab   | Found a transporter.
 32567 | WizLab   | Identified the staff of Dullness {rElec rPois rF+ rC+ Air}
 32932 | Elf:2    | Found a runed translucent gate.
 32932 | Elf:2    | Found a runed translucent gate.
 32932 | Elf:2    | Found a runed translucent gate.
 33514 | Elf:3    | Entered Level 3 of the Elven Halls
 34220 | Elf:3    | Paralysed by an air elemental for 1 turns
 34223 | Elf:3    | Paralysed by an air elemental for 1 turns
 34467 | Elf:3    | Identified the +0 war axe "Hulk" {freeze, Dex+3}
 34612 | Elf:3    | Identified the +1 leather armour "Ungyl" {-Tele rElec
                  | Int+6}
 34666 | Elf:3    | Identified the +3 plate armour of Kaoxeb {rC+ MP+9 Stlth+}
 34683 | Elf:3    | Got the Incunabulum of Points and Finality
 34775 | Elf:3    | Got Sif Muna's Parchment of Doomed Electricity
 34793 | Elf:3    | Learned a level 4 spell: Vhi's Electric Charge
 35243 | Depths:1 | Entered Level 1 of the Depths
 35291 | Depths:1 | Found a one-way gateway to a ziggurat.
 35421 | Depths:1 | Reached XP level 22. HP: 213/213 MP: 22/22
 35484 | Depths:1 | Found a gateway to Hell.
 35500 | Depths:1 | Identified the +0 leather armour of Glamorous Lucidity
                  | {rPois rC+}
 35782 | Depths:1 | Identified the +7 great mace of Honoibru {heavy, *Noise
                  | rF+++ rC+ Str+2}
 35826 | Depths:1 | Identified the +3 trident of Strategic Superiority {flame,
                  | Str+3}
 35944 | Depths:1 | Found a sparkling altar of Nemelex Xobeh.
 36047 | Depths:2 | Found Yssycrakh's Armour Shop.
 36147 | Depths:2 | Found Lugi's Distillery.
 36156 | Depths:2 | Bought a potion of heal wounds for 105 gold pieces
 36186 | Depths:2 | Got the Catalogue of Feathers and Ceration
 36280 | Depths:2 | Found Oschisisk's Armour Shop.
 36314 | Depths:2 | Found a one-way gate leading to the halls of Pandemonium.
 36345 | Depths:2 | Slain by a cyan very ugly thing

Illustrated notes

Levels and vault maps discovered:
D:1:      lemuel_arrival_hallway, layout_basic
D:2:      layout_basic, basic_altar, shapermc_ecumenical_altar_venn
D:3:      layout_rooms, gammafunk_temple_overflow_elements,
          minmay_misc_feat_columns, amcnicky_mini_rare_corridor_liquid,
          uniq_natasha
D:4:      layout_basic, gup_sewer_entry_pipe, enter_ossuary_4,
          uniq_crazy_yiuf_cottage
D:5:      layout_basic, uniq_grinder, uniq_prince_ribbit1, uniq_ijyb
D:6:      layout_loops_corners, lemuel_mausoleum_altar_yredelemnul,
          lemuel_coloured_pillars_altar, temple_statues, nicolae_stop_n_shop_1
D:7:      gammafunk_wand_slinger, layout_cave_pools,
          mainiacjoe_overflow_catch_the_wave, uniq_jeremiah
D:8:      layout_basic, uniq_grum
D:9:      layout_big_octagon, okawaru_metal_pillars_1_2, grunt_dithmenos_smoke,
          serial_shops, shop, nicolae_shop_real_fake_doors, shop, uniq_maggie,
          uniq_joseph
D:10:     layout_basic, orc_0_dummy, enter_bailey_5,
          amcnicky_mini_corridor_feature, uniq_snorg, uniq_erolcha
D:11:     layout_roguey, erik_lair_dragon, portal_ice_cave_entry_pillars_2
D:12:     layout_roguey, kennysheep_potato, uniq_psyche
D:13:     layout_rooms, uniq_azrael
D:14:     layout_irregular_city, ximxim_vaults_locker_room,
          dreamdust_princess_bridge, grunt_ogre_cave
D:15:     grunt_enter_depths_magical_seal, layout_rooms, chequers_garden,
          chequers_hall_statues_wall_a
Lair:1:   layout_cellular_growth, gauntlet_entry_generic,
          dreamdust_gnoll_shepherd
Lair:2:   layout_chaotic_city, minmay_swamp_entry_worms,
          cheibrodos_lair_reptile_den, serial_bayou_shore_a
Lair:3:   layout_hall_layers, spider_nest_entry_webs, grunt_megastairs_5,
          uniq_amaemon, uniq_kirke
Lair:4:   regret_index_malice_mire, layout_small_grid, dpeg_slime_entry_corner
Lair:5:   cheibrodos_lair_end_hotspot, layout_regular_city, lemuel_fruit_tree
Swamp:1:  layout_basic_swamp, evilmike_swamp_ruin_rubble_1
Swamp:2:  layout_falls_marsh, evilmike_swamp_ruin_rubble_2
Swamp:3:  layout_basic_swamp, evilmike_swamp_ruin_house_2, uniq_donald
Swamp:4:  swamp_alternative, layout_basic_swamp, swamp_pool_1_2,
          nicolae_swamp_decorative_isthmus, infiniplex_staircase_pool_2
Spider:1: layout_spider_delve, gammafunk_ghost_necromancy
Spider:2: layout_spider_delve, hangedman_spider_trapstep,
          hangedman_spider_tarantella_strand
Spider:3: layout_spider_delve, hive_lemuel, uniq_mara, uniq_arachne
Spider:4: guppyfry_spider_rune, beargit_elvish_explorers
Slime:1:  layout_caves
Slime:2:  layout_caves
Slime:3:  layout_caves, uniq_dissolution
Slime:4:  layout_caves
Slime:5:  slime_pit_nicolae_block_by_block
Orc:1:    layout_diamond_mine, serial_shops, shop_fountains,
          minmay_orc_temple_c, uniq_maurice
Orc:2:    st_orc_congregation, layout_caves, basic_altar, serial_shops,
          nicolae_shop_mannequins, shop, shop, nicolae_shop_stone,
          nicolae_shop_statue_plus
Elf:1:    nicolae_elf_arrival_fired_up, layout_gridlike, enter_trove_0,
          basic_altar, serial_shops, shop, nicolae_elf_crossing_hall
Elf:2:    elven_hall_of_blades_hangedman_original
          [infiniplex_blade_entry_pillars], layout_loops_ring, mu_enter_wizlab_3
Elf:3:    elf_hall, layout_gridlike, grunt_megastairs_1
Vaults:1: nicolae_vaults_surprise_closet, nicolae_vaults_closet_pinwheel_2,
          nicolae_vaults_shrinking_rooms_1,
          nicolae_vaults_doubleplus_tesselated, hangedman_vaults_stagger,
          vaults_mumra_lcd, nicolae_vaults_sealed_display, vaults_dpeg_doors,
          nicolae_vaults_tetromino_Z_2, nicolae_vaults_little_squares_5,
          nicolae_vaults_asterisk, layout_vaults_big_cross, serial_shops,
          nicolae_shop_pleasant_corner_grove, shop, nicolae_shop_rolling_square
Vaults:2: nicolae_vaults_network_star, nicolae_vaults_security_offices_3,
          v_alt_pattern_1, nicolae_vaults_big_ls, grunt_vaults_diagonal,
          serial_library_hellmonk_open_square, vaults_dpeg_diagonal,
          nicolae_vaults_apartment_2, vaults_room_hallway,
          hangedman_vaults_slice, ontoclasm_vaults_bender, v_alt_pattern_5,
          v_misc_30, layout_vaults_ring, serial_shops,
          nicolae_shop_getting_attention, uniq_aizul
Vaults:3: nicolae_vaults_storage_closets_2, nicolae_vaults_variable_pillar_hall,
          v_misc_31, nicolae_vaults_offset_grid_hallway_3, grunt_vaults_bifocal,
          minmay_crypt_entry_vampire_xt, nicolae_vaults_lightning_bolt,
          nicolae_vaults_triangles, nicolae_vaults_three_branches,
          nicolae_vaults_specimen_jars, v_rooms_1, hangedman_vaults_trim,
          st_diamondy, nicolae_vaults_tetromino_T_1,
          hangedman_vaults_stretched_pinwheel, vaults_dpeg_cross,
          layout_vaults_maze, serial_shops, nicolae_square_shop, uniq_nikola
Vaults:4: vaults_room_pool, v_pattern_5, nicolae_vaults_more_shelving_1,
          nicolae_vaults_variable_pillar_hall, nicolae_vaults_six-pack,
          nicolae_vaults_wine_cellar, sword_in_stone, v_misc_22,
          vaults_room_corners, nicolae_vaults_tetromino_Z_2, vaults_room_fours,
          nicolae_vaults_tetromino_Z_1, layout_vaults_big_room, uniq_bai_suzhen,
          uniq_frederick, uniq_sojobo
Depths:1: layout_small_grid, enter_ziggurat_a,
          nemelex_xobeh_ov_fountains_minmay, grunt_hell_entry_demonic_statue,
          minmay_swirly_circle
Depths:2: minmay_outward_triangles, layout_cave_pools, serial_glass,
          glass_columns_a, glass_columns_a, serial_shops,
          nicolae_shop_hallway_stairs, nicolae_shop_rolling_square,
          nicolae_stop_n_shop_1, rand_demon_pan_entry_8,
          pf_vacation_house_of_asmodeus, uniq_grunn

Skill      XL: |  1  2  3  4  5  6  7  8  9 10 11 12 13 14 15 16 17 18 19 20 21 22 |
---------------+-------------------------------------------------------------------+-----
Shapeshifting  | 4 5 6 7 11 14 16 17 19 22 23 | 23.0
Stealth        | 1 2 4 |  4.2
Fighting       | 4 9 10 11 14 15 20 21 | 21.0
Unarmed Combat | 8 11 13 16 17 19 20 | 20.8
Dodging        | 5 7 9 10 13 14 | 14.2
Evocations     | 6 7 |  7.2
Shields        | 9 |  9.0
Translocations | 8 |  8.0

Action                     |  1- 3 |  4- 6 |  7- 9 | 10-12 | 13-15 | 16-18 | 19-21 | 22-24 || total
---------------------------+-------+-------+-------+-------+-------+-------+-------+-------++-------
  Melee: Unarmed           |   100 |   259 |   340 |   611 |  1099 |  1239 |  1349 |   237 ||  5234
         Tailslap          |    15 |    21 |    68 |   124 |   227 |   254 |   373 |    52 ||  1134
         Punch             |     2 |     5 |       |       |    32 |       |       |       ||    39
         Bite              |       |       |       |    89 |       |       |       |       ||    89
         Maw               |       |       |       |       |   230 |   440 |   522 |       ||  1192
         Headbutt          |       |       |       |       |   172 |   394 |   298 |       ||   864
         Pseudopods        |       |       |       |       |    36 |   350 |   447 |    75 ||   908
   Cast: Lesser Beckoning  |       |       |       |       |       |    11 |       |       ||    11
 Invoke: Oozemancy         |       |       |       |     4 |     5 |     5 |     8 |       ||    22
         Slimify           |       |       |       |     2 |     1 |       |     2 |       ||     5
Ability: Glacial Breath    |       |       |     8 |     8 |     7 |    12 |     4 |       ||    39
  Evoke: Wand              |       |       |     4 |     5 |     1 |     8 |       |       ||    18
         Phantom mirror    |       |       |       |       |       |     1 |     1 |       ||     2
         Tin of tremorston |       |       |       |       |       |     1 |       |       ||     1
         Lightning rod     |       |       |       |       |       |       |     2 |       ||     2
    Use: Potion            |       |     1 |       |       |       |     1 |     2 |       ||     4
         Scroll            |       |       |     9 |     7 |    12 |    12 |     8 |       ||    48
   Stab: Sleeping          |       |       |     3 |     2 |     8 |    23 |     9 |     4 ||    49
         Confused          |       |       |     3 |     6 |       |       |       |       ||     9
         Petrified         |       |       |       |       |     1 |       |       |       ||     1
         Distracted        |       |       |       |       |     3 |     3 |     3 |       ||     9
         Held in net/web   |       |       |       |       |       |     2 |       |       ||     2
 Armour: Skin              |    54 |   217 |   167 |   340 |   550 |   842 |   580 |    75 ||  2825
  Dodge: Dodged            |    60 |   166 |   218 |   666 |  1025 |   993 |   921 |   225 ||  4274
  Block: Kite shield       |       |       |       |       |   252 |   919 |   696 |   198 ||  2065
   Form: Flux              |       |     1 |       |       |     1 |       |       |       ||     2
         Serpent           |       |       |       |       |     1 |       |       |       ||     1
         Maw               |       |       |       |       |     2 |       |     1 |       ||     3
                           |       |       |       |       |     1 |       |       |       ||     1
         Dragon            |       |       |       |       |       |       |     1 |       ||     1
         Death             |       |       |       |       |       |       |     1 |       ||     1

Table legend: (Time is in decaauts)
 A = Elapsed time spent in this place.
 B = Non-inter-level travel time spent in this place.
 C = Inter-level travel time spent in this place.
 D = Time resting spent in this place.
 E = Time spent auto-exploring this place.
 F = Levels seen in this place.
 G = Mean time per level.
                   A        B        C        D        E       F      G
               +--------+--------+--------+--------+--------+-----+--------+
         Total |  35629 |  32898 |   2731 |    766 |  22615 |  48 |  742.3 |
       Dungeon |  11826 |  10708 |   1118 |    138 |   8153 |  15 |  788.4 |
          Lair |   5519 |   5017 |    502 |     46 |   3835 |   5 | 1103.8 |
         Swamp |   2322 |   2179 |    143 |     11 |   1443 |   4 |  580.5 |
   Spider Nest |   2886 |   2788 |     98 |    100 |   1489 |   4 |  721.5 |
    Slime Pits |    547 |    451 |     96 |      0 |    307 |   5 |  109.4 |
  Orcish Mines |   1702 |   1358 |    344 |     52 |    797 |   2 |  851.0 |
   Elven Halls |   3140 |   2993 |    147 |     23 |   2054 |   3 | 1046.7 |
        Vaults |   4662 |   4389 |    273 |    242 |   2959 |   4 | 1165.5 |
        Depths |   1029 |   1023 |      6 |      0 |    688 |   2 |  514.5 |
         Sewer |    428 |    428 |      0 |      5 |    268 |   1 |  428.0 |
        Bailey |    190 |    190 |      0 |     30 |     82 |   1 |  190.0 |
        Wizlab |    944 |    944 |      0 |    100 |    451 |   1 |  944.0 |
      Gauntlet |    429 |    429 |      0 |     19 |     86 |   1 |  429.0 |
               +--------+--------+--------+--------+--------+-----+--------+

Top non-repeatable levels by time:
   Elf:3: 1438 daAuts
  Lair:4: 1358 daAuts
  Lair:5: 1280 daAuts
    D:10: 1224 daAuts
Vaults:3: 1221 daAuts
Vaults:4: 1161 daAuts
Vaults:1: 1150 daAuts
Vaults:2: 1129 daAuts
     D:4: 1104 daAuts
     D:6: 1029 daAuts
  Lair:2: 988 daAuts
   Orc:2: 988 daAuts
     D:2: 977 daAuts
    D:11: 964 daAuts
  Lair:1: 959 daAuts
